 Dungeon Crawl Stone Soup version 0.28.0-1-gb440e238dd (webtiles) character file.

Game seed: 13634777707040046294

46 themarg the Conjurer (level 3, -3/19 HPs)
             Began as a Tengu Conjurer on Feb 21, 2022.
             Slain by an orc (4 damage)
             ... on level 2 of the Dungeon.
             The game lasted 00:04:48 (1632 turns).

themarg the Conjurer (Tengu Conjurer)               Turns: 1632, Time: 00:04:48

Health: -3/19      AC:  2    Str: 13    XL:     3   Next: 68%
Magic:  3/7        EV: 12    Int: 20    God:
Gold:   1          SH:  0    Dex: 12    Spells: 3/6 levels left

rFire   . . .      SeeInvis .   c - +0 dagger
rCold   . . .      Faith    .   (no shield)
rNeg    . . .      Spirit   .   a - +0 robe
rPois   .          Reflect  .   (helmet restricted)
rElec   .          Harm     .   (no cloak)
rCorr   .          Rampage  .   (no gloves)
Will    .....                   (boots unavailable)
Stlth   ++........              (no amulet)
HPRegen 0.06/turn               h - +6 ring of strength
MPRegen 0.10/turn               l - +4 ring of slaying

@: no status effects
A: beak, talons 3
a: no special abilities


You were on level 2 of the Dungeon.
You visited 1 branch of the dungeon, and saw 3 of its levels.

You collected 152 gold pieces.
You spent 151 gold pieces at shops.

Inventory:

Hand Weapons
 c - a +0 dagger (weapon)
Missiles
 j - 31 stones
 k - 8 poisoned darts
Armour
 a - a +0 robe (worn)
Jewellery
 h - a +6 ring of strength (left hand)
 l - a +4 ring of slaying (right hand)
Scrolls
 d - a scroll of immolation {unknown}
 e - 2 scrolls of identify {unknown}
 f - 2 scrolls of teleportation {unknown}
 g - a scroll of vulnerability {unknown}
 m - a scroll of noise {unknown}
Potions
 b - 2 potions of curing {unknown}
 i - a potion of flight {unknown}


   Skills:
 + Level 2.7 Dodging
 + Level 2.0 Stealth
 + Level 2.3 Spellcasting
 + Level 6.4 Conjurations


You had 3 spell levels left.
You knew the following spells:

 Your Spells              Type           Power      Damage    Failure   Level
a - Magic Dart            Conj           100%       1d8       1%          1
b - Searing Ray           Conj           56%        2d6       1%          2

Your spell library contained the following spells:

 Spells                   Type           Power      Damage    Failure   Level
 Dazzling Flash           Conj/Hex       30%        N/A       12%         3
 Fulminant Prism          Conj/Hex       7%         3d7       38%         4
 Iskenderun's Mystic Bla  Conj/Tloc      15%        2d5       38%         4


Dungeon Overview and Level Annotations

Branches:
Dungeon (3/15)

Altars:

Shops:
D:2 *(


Innate Abilities, Weirdness & Mutations

You have a beak for a mouth.
You have claws for feet.


Message History

The searing ray hits the orc!
You kill the orc! (Press . to maintain the ray.)
You start resting.
Magic restored.
You climb downwards.
The orc hits you with a +0 hand axe. The orc hits you but does no damage.
The orc completely misses you. The orc misses you. x2
There is a stone staircase leading up here.
The orc barely misses you. The orc closely misses you.
The orc barely misses you. x2
The orc hits you from afar with a +0 trident.
The orc hits you with a +0 dagger.
You climb upwards.
There is a stone staircase leading down here.
Casting: Searing Ray (safe; 1% risk of failure)
Confirm with . or Enter, or press ? or * to list all spells.
Aiming: Searing Ray (safe; 1% risk of failure)
Press: ? - help, Shift-Dir - straight line, f - orc
Aim: an orc, wielding a +0 hand axe (79% to hit)
The searing ray hits the orc!
You kill the orc! (Press . to maintain the ray.)
The orc hits you with a +0 hand axe. The orc closely misses you.
The orc hits you but does no damage. The orc misses you.
The orc hits you with a +0 short sword.
Casting: Searing Ray (safe; 1% risk of failure)
Confirm with . or Enter, or press ? or * to list all spells.
Restarting spell: Searing Ray (safe; 1% risk of failure)
Press: ? - help, Shift-Dir - straight line, f - orc
Aim: an orc, wielding a +0 short sword (79% to hit)
The searing ray hits the orc.
The orc is almost dead. (Press . to maintain the ray.)
The orc hits you with a +0 hand axe.
* * * LOW HITPOINT WARNING * * *
The orc hits you with a +0 club.
* * * LOW HITPOINT WARNING * * *
The orc barely misses you. The orc hits you with a +0 short sword.
You die...

#.##.##.........#####
#.##.##.........#
#.##.##.........#
#.##.##.........#
#.##'##.........#
########......#######'######
#.............# #.........
##.######.)oo.#####.........
#.# #..@..+[..'......... #.#
#.ooo.#####......... #.#
#.....# #<'.........
#.################.........
#................'.........
##################.........
#......... #.........
#.........


You could see 5 orcs.

Vanquished Creatures
  An adder (D:2)
  2 orcs (D:2)
  3 endoplasms
  A giant cockroach (D:2)
  7 goblins
  3 hobgoblins (D:1)
  4 kobolds
  A quokka (D:1)
  5 ball pythons
  2 bats (D:1)
  A frilled lizard (D:1)
  5 rats
35 creatures vanquished.

Vanquished Creatures (others)
  4 toadstools (D:1)
4 creatures vanquished.

Grand Total: 39 creatures vanquished

Notes
Turn   | Place    | Note
-------+----------+-------------------------------------------
     0 | D:1      | themarg the Tengu Conjurer began the quest for the Orb.
     0 | D:1      | Reached XP level 1. HP: 10/10 MP: 4/4
   203 | D:1      | Reached XP level 2. HP: 15/15 MP: 3/6
   244 | D:1      | Learned a level 2 spell: Searing Ray
   438 | D:1      | Reached skill level 6 in Conjurations
   686 | D:1      | Reached XP level 3. HP: 19/19 MP: 5/7
   768 | D:1      | Found a faded altar of an unknown god.
  1005 | D:2      | Found Rochyf's Weapon Shop.
  1013 | D:2      | Bought 3 poisoned darts for 16 gold pieces
  1352 | D:2      | Found Oheyrud's Assorted Antiques.
  1355 | D:2      | Bought a gilded ring for 135 gold pieces
  1632 | D:2      | Slain by an orc

Illustrated notes

Levels and vault maps discovered:
D:1:      ldierk_water_garden, layout_rooms,
          hellmonk_ecumenical_altar_arch_garden, minmay_split_cup_large
D:2:      layout_basic, serial_shops, nicolae_shop_bloodbath_and_beyond,
          nicolae_shop_behind_doors, minmay_misc_feat_chi,
          kennysheep_generic_room_15
D:3:      layout_rooms, kennysheep_cluttered_room, kennysheep_boxes

Skill      XL: |  1  2 |
---------------+-------+-----
Conjurations   | 6 |  6.4
Dodging        | |  2.7
Stealth        | |  2.0
Spellcasting   | |  2.3

Action                   || total
-------------------------++-------
Melee: Dagger            ||     2
       Kick              ||     1
 Cast: Magic Dart        ||    49
       Searing Ray       ||     4
Armor: Robe              ||     2
Dodge: Dodged            ||    15
